 Dungeon Crawl Stone Soup version 0.19-a0-1035-gdbfb0c6 (webtiles) character file.

4231 HAL9000 the Slicer (level 10, -5/53 HPs)
             Began as a Vine Stalker Enchanter on July 29, 2016.
             Was a Follower of Dithmenos.
             Slain by a hill giant
             ... wielding a +0 giant club
              (23 damage)
             ... on level 9 of the Dungeon.
             The game lasted 00:23:13 (8017 turns).

HAL9000 the Slicer (Vine Stalker Enchanter)         Turns: 8017, Time: 00:23:14

Health: -5/53      AC:  8    Str: 14    XL:     10   Next: 30%
Magic:  0/14       EV: 12    Int: 16    God:    Dithmenos [*.....]
Gold:   657        SH:  6    Dex: 20    Spells: 5 memorised, 2 levels left

rFire  . . .     SeeInvis .     F - +1 short sword (elec)
rCold  . . .     Gourm    .     Y - +2 robe {MR+}
rNeg   . . .     Faith    .     J - +0 buckler
rPois  .         Spirit   +     l - +1 helmet
rElec  .         Dismiss  .     k - +0 cloak
rCorr  .         Reflect  .     (no gloves)
SustAt .         Harm     +     u - +0 pair of boots
MR     +++..                    m - amulet of harm
Stlth  +++.......               t - +6 ring of dexterity
                                z - ring of protection from magic

@: wreathed by umbra, extremely resistant to hostile enchantments, fairly
stealthy
A: fangs 3, regeneration 2, magic shield, antimagic bite, no device heal 3, rot
immunity
a: Renounce Religion


You were on level 9 of the Dungeon.
You worshipped Dithmenos.
Dithmenos was aware of your devotion.
You were not hungry.

You visited 2 branches of the dungeon, and saw 10 of its levels.
You also visited: Sewer and Ossuary.

You collected 657 gold pieces.

Inventory:

Hand Weapons
 F - a +1 short sword of electrocution (weapon)
Armour
 k - a +0 cloak (worn)
 l - a +1 helmet (worn)
 u - a +0 pair of boots (worn)
 J - a +0 buckler (worn)
 Y - a +2 robe of magic resistance (worn)
Jewellery
 m - an amulet of harm (around neck)
 r - an uncursed ring of resist corrosion
 t - a +6 ring of dexterity (right hand)
 z - a ring of protection from magic (left hand)
Wands
 x - a wand of lightning (0/15)
 y - a wand of random effects (25/48)
 V - a wand of polymorph (15/24)
 W - a wand of polymorph (11/24)
Scrolls
 i - 4 scrolls of remove curse
 o - a scroll of enchant weapon
 q - 2 scrolls of enchant armour
 A - 2 scrolls of fear
 B - a scroll of teleportation
 C - 4 scrolls of magic mapping
 P - a scroll of holy word {unknown}
 S - a scroll of noise {unknown}
 U - a scroll of blinking {unknown}
Potions
 g - 3 potions of agility
 p - 2 potions of brilliance
 D - 2 potions of cancellation
 E - 4 potions of might
 G - a potion of cure mutation
 I - a potion of resistance {unknown}
 K - 3 potions of curing
 O - a potion of degeneration {unknown}
 T - a potion of invisibility {unknown}
 X - a potion of flight
Books
 c - a book of Maledictions

   Spells                             Type                      Level
   a - Corona                         Hexes                        1
   b - Ensorcelled Hibernation        Hexes/Ice                    2
   c - Confuse                        Hexes                        3
   d - Tukima's Dance                 Hexes                        3
   e - Dazzling Spray                 Conjuration/Hexes            3
 H - a book of the Dragon

   Spells                             Type                      Level
   a - Flame Tongue                   Conjuration/Fire             1
   b - Cause Fear                     Hexes                        4
   c - Bolt of Fire                   Conjuration/Fire             6
   d - Dragon Form                    Transmutation                7
   e - Dragon's Call                  Summoning                    9
 M - a book of Geomancy

   Spells                             Type                      Level
   a - Sandblast                      Earth                        1
   b - Passwall                       Transmutation/Earth          2
   c - Stone Arrow                    Conjuration/Earth            3
   d - Petrify                        Transmutation/Earth          4
   e - Lee's Rapid Deconstruction     Earth                        5
 N - a book of Geomancy

   Spells                             Type                      Level
   a - Sandblast                      Earth                        1
   b - Passwall                       Transmutation/Earth          2
   c - Stone Arrow                    Conjuration/Earth            3
   d - Petrify                        Transmutation/Earth          4
   e - Lee's Rapid Deconstruction     Earth                        5
 Q - a book of Battle

   Spells                             Type                      Level
   a - Infusion                       Charms                       1
   b - Shroud of Golubria             Charms/Translocation         2
   c - Song of Slaying                Charms                       2
   d - Spectral Weapon                Hexes/Charms                 3
   e - Regeneration                   Charms/Necromancy            3
 Z - a book of Cantrips

   Spells                             Type                      Level
   a - Confusing Touch                Hexes                        1
   b - Animate Skeleton               Necromancy                   1
   c - Summon Small Mammal            Summoning                    1
   d - Apportation                    Translocation                1
Comestibles
 d - 5 bread rations
 w - 5 chunks of flesh
 L - a slice of pizza
 R - a meat ration


   Skills:
 + Level 6.2 Fighting
 * Level 9.3 Short Blades
 - Level 1.5 Dodging
 - Level 3.6 Stealth
 - Level 4.0 Shields
 - Level 2.1 Spellcasting
 + Level 4.7 Hexes
 * Level 5.1 Charms


You had 2 spell levels left.
You knew the following spells:

 Your Spells              Type           Power        Failure   Level  Hunger
a - Corona                Hex            ###....      3%          1    #......
h - Shroud of Golubria    Chrm/Tloc      ##........   12%         2    ###....
x - Confuse               Hex            ###.....     12%         3    ###....
z - Ensorcelled Hibernat  Hex/Ice        #.....       14%         2    ###....
R - Regeneration          Chrm/Necr      ##........   21%         3    ###....


Dungeon Overview and Level Annotations

Branches:
Dungeon (9/15)             Temple (1/1) D:5
   Lair: D:8-11         Orc: D:9-12

Altars:
Ashenzari
Cheibriados
Dithmenos
Elyvilon
Fedhas
Gozag
Hepliaklqana
Kikubaaqudgha
Nemelex Xobeh
Okawaru
Pakellas
Qazlal
Ru
Trog
Uskayaw
Vehumet
Yredelemnul
Zin
The Shining One

Annotations:
D:3 Aquadorian's ghost, amateur OgMo
D:4 skk's ghost, amateur TrMo


Innate Abilities, Weirdness & Mutations

You have razor-sharp teeth.
You heal very quickly.
When hurt, damage is shared between your health and your magic reserves.
Your bite disrupts and absorbs the magic of your enemies.
Potions and wands cannot restore your health.
You are immune to rotting.


Message History

Dithmenos accepts your kill.
Unknown command.
An iguana comes into view.
An iguana is nearby!
An iguana is nearby!
A hill giant comes into view. It is wielding a giant club.
The iguana hisses angrily.
You catch the helpless hill giant momentarily off-guard.
You puncture the hill giant!
The hill giant is moderately wounded.
The hill giant hits you with a giant club!!!
Ouch! That really hurt!
Casting: Ensorcelled Hibernation
Confirm with . or Enter, or press ? or * to list all spells.
Aiming: Confuse
Press: ? - help, Shift-Dir - straight line, f - hill giant
Aim: a hill giant, wielding a giant club (moderately wounded, umbra, chance to defeat MR: 29%)
The hill giant easily resists.
The hill giant hits you with a giant club!!
You die...

. . ........# . ........#
. ........# .
........######## .
...............# .
.........l.....#
........................#
................@.......#
.......)....>..C.?......#
........................#
........................#
........................#
........................#
........................#
###..#####.........######
#..# #.........#


You could see a hill giant and an iguana.

Vanquished Creatures
  Pikel (D:8)
  A cyclops (D:9)
  A two-headed ogre (D:8)
  2 wraiths (Ossuary)
  A hungry ghost (D:7)
  Purgy (Sewer)
  2 orc warriors
  An ice beast (D:8)
  2 sky beasts
  4 ogres
  A centaur (D:6)
  4 giant frogs (D:6)
  2 gnoll sergeants
  A scorpion (D:4)
  2 howler monkeys (D:5)
  7 wights
  3 crimson imps
  2 hounds
  A giant frog zombie (D:9)
  A centaur zombie (D:7)
  Crazy Yiuf (D:2)
  A centaur skeleton (D:7)
  An orc priest (D:9)
  A jelly (D:8)
  A giant frog skeleton (D:4)
  Terence (D:1)
  3 iguanas
  2 orc wizards
  9 worker ants
  A worker ant zombie (D:5)
  A howler monkey zombie (D:5)
  A howler monkey skeleton (D:4)
  9 adders
  8 gnolls
  A shadow imp (D:8)
  2 oozes
  2 worms
  4 dart slugs
  4 giant geckos
  11 orcs
  10 giant cockroaches
  7 hobgoblins
  3 quokkas (D:2)
  2 ball pythons
  A ball python skeleton (Ossuary)
  6 bats
  8 giant newts
  8 goblins
  A hobgoblin skeleton (Ossuary)
  9 kobolds
  2 kobold zombies (Ossuary)
  An orc skeleton (Ossuary)
  An orc zombie (Ossuary)
  A quokka skeleton (D:4)
  5 rats
169 creatures vanquished.

Notes
Turn   | Place    | Note
-------+----------+-------------------------------------------
     0 | D:1      | HAL9000 the Vine Stalker Enchanter began the quest for the Orb.
     0 | D:1      | Reached XP level 1. HP: 9/9 MP: 4/4
    14 | D:1      | Reached skill level 1 in Short Blades
   100 | D:1      | Reached XP level 2. HP: 9/14 MP: 4/6
   122 | D:1      | Learned a level 2 spell: Ensorcelled Hibernation
   229 | D:1      | Reached skill level 1 in Fighting
   303 | D:1      | Reached skill level 2 in Short Blades
   403 | D:1      | Reached XP level 3. HP: 15/18 MP: 7/7
   495 | D:1      | Learned a level 3 spell: Confuse
   787 | D:2      | Noticed Terence
   852 | D:1      | Killed Terence
   852 | D:1      | Reached XP level 4. HP: 20/23 MP: 3/8
   979 | D:2      | Reached skill level 3 in Short Blades
   987 | D:2      | Found a sparkling altar of Nemelex Xobeh.
  1505 | D:2      | Found a runed door.
  1693 | D:2      | Noticed Crazy Yiuf
  1697 | D:2      | Killed Crazy Yiuf
  1697 | D:2      | Reached XP level 5. HP: 26/26 MP: 9/9
  1762 | D:3      | Found a faded altar of an unknown god.
  1847 | D:3      | Noticed Aquadorian's ghost (amateur OgMo)
  2207 | D:3      | Found a sparkling altar of Nemelex Xobeh.
  2467 | D:4      | Found a snail-covered altar of Cheibriados.
  2503 | D:4      | Reached skill level 4 in Short Blades
  2629 | D:4      | Gained mutation: You heal very quickly. [Vine Stalker growth]
  2629 | D:4      | Reached XP level 6. HP: 17/32 MP: 1/10
  3075 | D:4      | HP: 1/32 [ogre/giant club (22)]
  3260 | D:4      | Reached skill level 5 in Short Blades
  3304 | D:4      | Noticed skk's ghost (amateur TrMo)
  3555 | D:4      | Got a dazzling rapier
  3556 | D:4      | Identified the +8 rapier "Rauwo" {flame, Fragile rF+++ rC+ Dex+2} (You found it on level 4 of the Dungeon)
  3619 | D:4      | Found a glowing silver altar of Zin.
  3690 | D:5      | Entered Level 5 of the Dungeon
  3692 | D:5      | Reached XP level 7. HP: 36/36 MP: 11/11
  3717 | D:5      | Reached skill level 1 in Shields
  3830 | D:5      | Found a glowing drain.
  3853 | Sewer    | Entered a sewer
  3878 | Sewer    | Noticed Purgy
  3883 | Sewer    | Killed Purgy
  4025 | D:5      | Reached skill level 6 in Short Blades
  4134 | D:5      | Gained mutation: You have razor-sharp teeth. [Vine Stalker growth]
  4134 | D:5      | Reached XP level 8. HP: 42/42 MP: 12/12
  4143 | D:5      | Found an opulent altar of Gozag.
  4147 | D:5      | Found an oddly glowing altar of Pakellas.
  4219 | D:5      | Found a staircase to the Ecumenical Temple.
  4225 | Temple   | Entered the Ecumenical Temple
  4297 | Temple   | Became a worshipper of Dithmenos the Shadowed
  4920 | D:5      | Found a hazy altar of Hepliaklqana.
  5074 | D:6      | Learned a level 3 spell: Regeneration
  5077 | D:6      | Learned a level 2 spell: Shroud of Golubria
  5296 | D:6      | Reached skill level 7 in Short Blades
  5329 | D:6      | Found a sand-covered staircase.
  5346 | Ossuary  | Entered an ossuary
  5587 | Ossuary  | Noticed a flying skull
  5587 | Ossuary  | Noticed a wraith
  5599 | Ossuary  | Noticed a wraith
  5605 | Ossuary  | Killed a wraith
  5605 | Ossuary  | Reached skill level 5 in Fighting
  5611 | Ossuary  | Noticed a flying skull
  5691 | Ossuary  | Reached XP level 9. HP: 39/47 MP: 5/13
  6283 | D:7      | Reached skill level 1 in Charms
  6296 | D:7      | Reached * piety under Dithmenos
  6390 | D:7      | Reached skill level 8 in Short Blades
  7133 | D:8      | Noticed Pikel
  7177 | D:8      | Killed Pikel
  7239 | D:8      | Found a bloodstained altar of Trog.
  7572 | D:8      | Noticed a two-headed ogre
  7577 | D:8      | Killed a two-headed ogre
  7577 | D:8      | Reached XP level 10. HP: 53/53 MP: 14/14
  7864 | D:9      | Reached skill level 9 in Short Blades
  7903 | D:9      | Noticed a cyclops
  7914 | D:9      | Killed a cyclops
  7950 | D:9      | Reached skill level 5 in Charms
  8011 | D:9      | Noticed a hill giant
  8017 | D:9      | Slain by a hill giant

Vault maps used:
D:1:      shiori_arrival_oz, minmay_circled_x
D:2:      first_bread, nemelex_lonely_heart_becter, uniq_crazy_yiuf_cottage,
          uniq_terence
D:3:      nemelex_altar_shiori, ecumenical_altar_1
D:4:      cheibriados_altar_1, kennysheep_little_box
D:5:      kennysheep_mini, grunt_temple_overflow_open, portal_sewer_entry_a,
          lightli_minifort
D:6:      enter_ossuary_1
D:8:      old_standard_altar, uniq_pikel
D:9:      lemuel_round_altar
Temple:   zaba_magenta_temple
Sewer:    kennysheep_door_sewer
Ossuary:  ossuary_due_cavern

Skill      XL: |  1  2  3  4  5  6  7  8  9 10 |
---------------+-------------------------------+-----
Short Blades   | 1 2 3 4 5 6 7 8 9 |  9.3
Fighting       | 1 2 3 4 5 6 |  6.2
Shields        | 2 3 4 |  4.0
Charms         | 4 5 |  5.1
Hexes          | 4 |  4.7
Dodging        | |  1.5
Stealth        | |  3.6
Spellcasting   | |  2.1

Action                   |  1- 3 |  4- 6 |  7- 9 | 10-12 || total
-------------------------+-------+-------+-------+-------++-------
Melee: Dagger            |   100 |   183 |   183 |       ||   466
       Bite              |    20 |    63 |    98 |     8 ||   189
       Rapier            |       |     1 |    48 |       ||    49
       Unarmed           |       |       |     2 |       ||     2
       Short sword       |       |       |    22 |    25 ||    47
 Cast: Confuse           |     2 |     6 |    15 |     2 ||    25
       Ensorcelled Hiber |       |     8 |    16 |     8 ||    32
       Shroud of Golubri |       |       |     1 |     1 ||     2
Evoke: Wand              |       |       |     4 |       ||     4
  Use: Scroll            |       |     4 |    19 |       ||    23
       Potion            |       |     1 |       |       ||     1
 Stab: Sleeping          |     6 |    14 |    25 |     6 ||    51
       Confused          |       |     1 |     6 |     1 ||     8
       Distracted        |       |       |     1 |     1 ||     2
  Eat: Chunk             |       |     8 |    14 |     2 ||    24
       Fruit             |       |     2 |     6 |       ||     8
       Beef jerky        |       |       |     1 |       ||     1
Armor: Robe              |    27 |    32 |    41 |     3 ||   103
Dodge: Dodged            |    50 |    94 |    88 |    10 ||   242
Block: Buckler           |       |     1 |    49 |     3 ||    53
